Map: Green Acres

Players

Cheshir

  • Race: Protoss Protoss
  • Spawn Location: 3:00

samkrmr

  • Race: Zerg Zerg
  • Spawn Location: 12:00

leman

  • Race: Protoss Protoss
  • Spawn Location: 1:00

BEET - Winner!

  • Race: Protoss Protoss
  • Spawn Location: 6:00

Gracz - Winner!

  • Race: Terran Terran
  • Spawn Location: 7:00

nazrat - Winner!

  • Race: Zerg Zerg
  • Spawn Location: 9:00

VOD

Have the link to the VOD?

Description

Time

  • Played on: March 11, 2016, 2:18 p.m.
  • Length: 18:45
Show
View Real Time Build Order
Export as new Build Order

Cheshir Protoss 

Build Orders:  

Get SALT Encoding   

  12  0:12  Pylon  
  12  0:17  Probe (Chrono Boost)  
  13  0:27  Probe (Chrono Boost)  
  14  0:50  Pylon  
  14  1:00  Gateway  
  14  1:14  Probe (Chrono Boost)  
  15  1:24  Assimilator  
  15  1:25  Probe (Chrono Boost)  
  16  1:28  Assimilator  
  16  1:35  Probe (Chrono Boost)  
  17  1:41  Gateway  
  17  1:46  Probe (Chrono Boost)  
  18  1:56  Probe (Chrono Boost)  
  19  3:00  Zealot (Chrono Boost)  
  21  3:25  Zealot (Chrono Boost), Cybernetics Core  
  25  3:49  Zealot (Chrono Boost)  
  25  4:12  Zealot (Chrono Boost)  
Show
View Real Time Build Order
Export as new Build Order

samkrmr Zerg 

Build Orders: Pool First, Lurkers 

Get SALT Encoding   

  12  0:26  Spawning Pool  
  11  0:34  Extractor  
  11  0:35  Drone x3  
  13  0:46  Overlord  
  13  0:58  Drone  
  14  1:13  Queen  
  16  1:31  Zergling x4  
  16  1:32  Zergling x2  
  19  1:33  Hatchery  
  18  1:43  Metabolic Boost  
  19  1:47  Zergling x2  
  19  1:49  Queen  
  21  2:00  Overlord  
  21  2:10  Zergling x2  
  22  2:26  Zergling x2  
  22  2:27  Zergling x6  
  26  2:49  Zergling x4  
  28  3:03  Queen  
  28  3:39  Queen  
  22  3:52  Zergling x12  
  22  3:53  Zergling x6  
  30  4:28  Lair, Extractor  
  29  4:40  Drone x7  
  29  4:42  Overlord  
  36  4:55  Overlord x4  
  36  4:56  Overlord  
  36  5:06  Pneumatized Carapace  
  36  5:18  Extractor  
  35  5:22  Extractor  
  34  5:32  Hydralisk Den  
  32  5:52  Queen  
  34  6:02  Lurker Den  
  34  6:08  Drone x3  
  34  6:09  Drone x4  
  34  6:11  Drone x2  
  43  6:26  Hydralisk  
  43  6:27  Hydralisk x5  
  43  6:28  Hydralisk x5, Queen  
  43  6:30  Hydralisk  
  69  6:49  Hydralisk x3  
  75  7:16  Overseer  
  75  7:17  Overseer  
  75  7:57  Lurker x3  
  75  7:58  Lurker x2  
  80  8:20  Hydralisk  
  80  8:23  Overlord x5  
  80  8:24  Overlord x4  
  82  8:27  Overlord x4, Hatchery  
  82  8:28  Overlord x7  
  82  8:29  Overlord x2  
  68  9:44  Hydralisk x6  
  68  9:45  Hydralisk x6  
  82  9:46  Hydralisk x3  
  98  10:07  Lurker  
  99  10:12  Lurker  
  100  10:16  Lurker x2  
  102  10:33  Drone x6  
  102  10:34  Drone  
  109  11:23  Queen  
  111  11:29  Extractor  
  111  11:31  Extractor  
  109  11:33  Drone  
  109  11:34  Drone  
  109  11:58  Queen  
  111  12:04  Hydralisk  
  111  12:05  Hydralisk x6  
  111  12:06  Hydralisk x2  
  129  12:27  Overseer x3  
  129  12:34  Queen  
  130  12:58  Hydralisk x3  
  130  12:59  Hydralisk x6  
  130  13:00  Hydralisk x6  
  160  13:10  Queen  
  162  13:45  Queen  
  156  14:13  Overseer x4  
Show
View Real Time Build Order
Export as new Build Order

leman Protoss 

Build Orders:  

Get SALT Encoding   

  12  0:40  Pylon  
  12  0:44  Assimilator  
  12  0:49  Assimilator  
  12  1:07  Forge  
  12  1:11  Gateway  
  12  1:49  Photon Cannon  
  12  1:52  Photon Cannon  
  12  2:04  Zealot  
  6  2:55  Zealot  
  7  3:19  Zealot  
  9  3:42  Zealot  
  9  3:47  Cybernetics Core  
  11  4:06  Zealot  
  13  4:29  Zealot  
Show
View Real Time Build Order
Export as new Build Order

BEET Protoss - Winner!

Build Orders: Double Forge 

Get SALT Encoding   

  12  0:02  Probe (Chrono Boost)  
  13  0:13  Probe (Chrono Boost)  
  14  0:21  Pylon  
  14  0:23  Probe (Chrono Boost)  
  15  0:42  Probe (Chrono Boost)  
  16  0:46  Gateway  
  16  0:48  Assimilator  
  16  0:52  Probe (Chrono Boost)  
  17  0:58  Assimilator  
  17  1:03  Probe (Chrono Boost)  
  18  1:13  Probe (Chrono Boost)  
  19  1:24  Probe (Chrono Boost)  
  20  1:34  Pylon, Probe (Chrono Boost)  
  21  1:43  Cybernetics Core  
  21  1:45  Probe (Chrono Boost)  
  22  1:55  Probe (Chrono Boost)  
  22  1:56  Pylon  
  23  2:05  Forge  
  23  2:06  Probe (Chrono Boost)  
  24  2:17  Probe (Chrono Boost)  
  25  2:27  Forge, Probe (Chrono Boost)  
  26  2:44  Stalker  
  28  2:55  Gateway  
  28  3:00  Gateway  
  28  3:01  Mothership Core (Chrono Boost)  
  30  3:07  Photon Cannon  
  30  3:18  Photon Cannon  
  27  3:42  Stalker  
  27  3:43  Stalker  
  31  4:13  Stalker x2  
  31  4:14  Stalker  
  31  4:17  Warp Gate  
  37  4:34  Pylon  
  37  4:40  Pylon  
  37  4:46  Pylon  
  37  4:48  Nexus  
  37  4:51  Assimilator  
  37  4:54  Pylon  
  37  5:02  Pylon  
  37  5:04  Assimilator  
  37  5:11  Photon Cannon  
  37  5:20  Probe (Chrono Boost)  
  38  5:30  Probe (Chrono Boost)  
  39  5:35  Stalker  
  39  5:36  Photon Cannon  
  39  5:41  Probe (Chrono Boost)  
  42  5:51  Stalker x2, Probe (Chrono Boost)  
  47  6:01  Probe (Chrono Boost)  
  47  6:02  Probe (Chrono Boost)  
  49  6:12  Probe x2 (Chrono Boost)  
  51  6:22  Probe (Chrono Boost)  
  51  6:23  Probe (Chrono Boost)  
  53  6:26  Photon Cannon  
  53  6:33  Probe x2 (Chrono Boost)  
  55  6:43  Probe (Chrono Boost)  
  55  6:44  Probe (Chrono Boost)  
  57  6:47  Twilight Council  
  57  6:54  Probe (Chrono Boost)  
  57  6:58  Probe (Chrono Boost)  
  59  7:05  Probe (Chrono Boost)  
  60  7:09  Probe (Chrono Boost)  
  62  7:15  Probe (Chrono Boost)  
  62  7:19  Probe (Chrono Boost)  
  62  7:20  Photon Cannon  
  63  7:25  Stalker x3  
  63  7:26  Probe (Chrono Boost)  
  63  7:27  Blink (Chrono Boost)  
  70  7:55  Stalker x3  
  76  8:04  Gateway  
  76  8:06  Protoss Shields Level 1  
  76  8:12  Protoss Ground Weapons Level 1  
  76  8:25  Gateway  
  76  8:28  Gateway  
  76  8:30  Stalker x3  
  82  9:01  Nexus  
  82  9:05  Assimilator, Pylon  
  82  9:07  Assimilator  
  82  9:10  Pylon  
  82  9:26  Stalker x3  
  82  9:27  Stalker x3  
  82  9:28  Stargate  
  94  9:47  Probe  
  95  9:54  Photon Cannon  
  95  9:56  Photon Cannon  
  95  9:58  Probe  
  96  10:01  Protoss Ground Armor Level 1 (Chrono Boost)  
  96  10:06  Photon Cannon  
  96  10:08  Probe  
  97  10:38  Protoss Ground Weapons Level 2 (Chrono Boost)  
  97  11:47  Protoss Shields Level 2 (Chrono Boost)  
  91  12:09  Stalker x3  
  91  12:10  Stalker x2  
  91  12:11  Stalker  
  103  12:58  Stalker  
  103  12:59  Stalker x3  
  103  13:00  Stalker x2  
  115  13:18  Protoss Ground Weapons Level 3 (Chrono Boost)  
  115  13:23  Stalker x3  
  115  13:24  Stalker x2  
  125  13:47  Pylon  
  125  13:48  Pylon  
  125  14:05  Phoenix  
  127  14:30  Phoenix  
  99  14:55  Phoenix  
  97  15:03  Stalker x3  
  97  15:04  Stalker x2  
  97  15:05  Stalker  
  95  15:20  Phoenix  
  95  15:34  Protoss Ground Armor Level 2 (Chrono Boost)  
  95  15:45  Phoenix  
  91  16:00  Stalker  
  91  16:01  Stalker x5  
  103  16:04  Mothership Core  
  69  17:32  Pylon  
  69  17:34  Stalker x3  
  69  17:36  Stalker  
  77  17:38  Stalker  
  77  17:40  Stalker  
  75  18:28  Robotics Facility  
  75  18:32  Gateway  
  75  18:36  Gateway  
  75  18:39  Gateway  
Show
View Real Time Build Order
Export as new Build Order

Gracz Terran - Winner!

Build Orders:  

Get SALT Encoding   

  12  0:02  SCV  
  13  0:14  SCV  
  14  0:25  Supply Depot  
  14  0:34  SCV  
  15  0:37  Refinery  
  15  0:41  Engineering Bay  
  15  0:59  Barracks  
  15  1:32  Barracks  
  15  1:38  SCV  
  16  1:40  Refinery  
  16  1:46  Engineering Bay  
  16  1:50  Engineering Bay  
  16  1:56  Orbital Command  
  16  2:25  SCV  
  17  2:30  Barracks  
  17  2:32  Barracks Reactor  
  17  2:37  SCV, Reaper  
  19  2:49  SCV  
  20  3:08  Marine  
  20  3:09  Marine, Reaper  
  23  3:27  Barracks Reactor  
  22  3:28  Marine  
  23  4:03  Barracks Reactor  
  23  4:05  Terran Infantry Weapons Level 1  
  23  4:06  Terran Infantry Armor Level 1  
  23  4:07  Building Armor  
  23  4:17  Supply Depot  
  23  4:22  Barracks  
  23  4:38  Marine  
  23  4:39  SCV  
  25  4:50  Bunker  
  25  4:51  SCV  
  26  5:03  SCV  
  26  5:04  Factory  
  27  5:07  Factory  
  27  5:11  Factory  
  27  5:15  SCV  
  27  5:16  Barracks Reactor  
  28  5:27  SCV  
  28  5:39  SCV  
  26  5:51  SCV  
  27  6:03  Marine x4  
  31  6:22  Supply Depot  
  31  6:25  Factory Tech Lab  
  31  6:38  Factory Tech Lab  
  31  6:40  Factory Tech Lab  
  31  6:44  Marine x7, SCV  
  39  6:51  Supply Depot  
  39  7:04  Neosteel Frame  
  39  7:05  Hi-Sec Auto Tracking  
  39  7:13  Marine x8  
  47  7:16  Supply Depot  
  47  7:17  Supply Depot  
  47  7:19  Supply Depot  
  47  7:31  Supply Depot  
  47  7:35  Supply Depot  
  47  7:37  Marine x8  
  47  7:39  Hellion  
  47  7:40  Hellion x2  
  61  7:55  Marine  
  62  8:09  Hellion x3  
  68  8:22  Reaper  
  68  8:23  Reaper  
  70  8:30  Hellion  
  70  8:31  Hellion x2  
  76  9:10  Supply Depot  
  76  9:13  Supply Depot  
  31  9:43  Command Center  
  31  9:44  Supply Depot  
  31  10:02  Armory  
  31  10:08  Armory  
  31  10:10  Armory  
  31  10:35  Infernal Pre-Igniter  
  31  10:37  Mag-Field Accelerator  
  31  10:46  SCV  
  32  10:58  SCV  
  32  11:02  Refinery  
  33  11:10  SCV  
  34  11:21  Refinery  
  34  11:22  SCV  
  35  11:42  Orbital Command  
  35  11:45  Marine  
  35  11:46  Marine x7  
  43  12:03  Marine x3  
  46  12:18  Starport  
  46  12:21  Starport  
  46  12:23  Starport  
  46  12:25  Marine x3  
  46  12:26  Marine x4  
  46  12:27  Marine  
  54  12:32  Hellion x2  
  54  12:33  Hellion  
  60  13:08  Starport  
  60  13:15  Starport  
  60  13:24  Terran Infantry Armor Level 2, Terran Infantry Weapons Level 2  
  60  13:27  Terran Vehicle And Ship Armor Level 1, Terran Ship Weapons Level 1, Terran Vehicle Weapons Level 1  
  60  13:28  Fusion Core  
  35  14:11  Starport Tech Lab  
  35  14:12  Starport Tech Lab x2  
  35  14:13  Starport Tech Lab  
  35  14:15  Starport Tech Lab  
  35  14:22  Barracks  
  35  14:31  Starport  
  35  14:33  Starport  
  35  14:56  Battlecruiser x2  
  35  14:59  Battlecruiser  
  53  15:12  Supply Depot  
  53  15:18  Starport Reactor x2  
  53  15:19  Weapon Refit  
  53  15:23  High Capacity Fuel Tanks  
  53  15:27  Orbital Command  
  53  15:37  Hyperflight Rotors  
  53  15:43  Barracks Tech Lab  
  53  15:56  SCV  
  54  16:00  SCV  
  55  16:08  SCV  
  56  16:12  SCV  
  57  16:20  SCV  
  57  16:24  SCV  
  59  16:33  SCV  
  59  16:35  Refinery  
  59  16:36  SCV  
  59  16:37  Refinery  
  61  16:40  Battlecruiser  
  61  16:45  SCV  
  68  16:48  SCV  
  69  16:57  SCV  
  69  17:00  SCV  
  71  17:07  Supply Depot  
  71  17:09  SCV  
  71  17:12  SCV  
  73  17:21  SCV  
  74  17:25  SCV  
  74  17:28  Marine x2  
  74  17:29  Marine x7  
  84  17:46  Marine x2  
  84  17:47  Marine x7  
  93  18:04  Marine x4  
  93  18:05  Marine x5  
  102  18:22  Marine x9  
Show
View Real Time Build Order
Export as new Build Order

nazrat Zerg - Winner!

Build Orders: Pool First, Lurkers 

Get SALT Encoding   

  12  0:04  Drone  
  13  0:08  Drone  
  14  0:32  Spawning Pool  
  13  0:36  Drone  
  13  0:39  Overlord  
  14  1:19  Zergling x6  
  17  1:27  Queen  
  19  1:34  Extractor  
  18  1:50  Spine Crawler  
  18  1:53  Zergling x2  
  18  1:54  Zergling x4  
  19  1:55  Hatchery  
  19  2:13  Drone  
  20  2:21  Drone  
  19  2:47  Zergling x4  
  19  2:48  Zergling x2  
  19  3:04  Overlord  
  19  3:05  Drone x2  
  21  3:29  Drone x2  
  23  3:38  Spine Crawler  
  20  3:48  Spine Crawler  
  20  3:49  Drone x2  
  21  4:21  Zergling x2  
  21  4:22  Zergling x4  
  24  4:31  Hatchery  
  24  4:36  Lair  
  23  4:45  Extractor, Drone x2  
  24  5:21  Drone  
  24  5:22  Drone x3  
  28  5:31  Spine Crawler  
  27  5:40  Drone x2  
  29  5:51  Drone  
  30  6:02  Queen  
  32  6:10  Hydralisk Den  
  31  6:17  Zergling x2  
  31  6:18  Zergling x4  
  34  6:34  Extractor  
  34  6:37  Overlord x2  
  34  6:38  Zergling x2  
  34  6:39  Zergling x4  
  36  6:50  Overlord  
  36  6:51  Overlord  
  36  6:53  Overseer x3  
  36  7:03  Hydralisk  
  38  7:19  Hydralisk  
  38  7:20  Hydralisk  
  42  7:25  Drone  
  42  7:29  Drone  
  44  7:30  Drone x3  
  44  7:31  Drone  
  48  7:43  Drone  
  49  8:09  Drone x2  
  49  8:10  Drone  
  52  8:17  Hydralisk  
  52  8:18  Hydralisk x2  
  58  8:25  Lurker Den  
  58  8:39  Infestation Pit  
  57  8:48  Spore Crawler  
  56  9:01  Hydralisk x3  
  56  9:02  Hydralisk x2  
  64  9:05  Zergling x4  
  64  9:07  Overlord x2  
  68  9:25  Extractor  
  67  9:31  Hydralisk  
  67  9:32  Hydralisk x3  
  75  9:55  Drone x2  
  75  9:56  Drone  
  78  10:08  Lurker x2  
  78  10:09  Lurker  
  78  10:14  Drone x3  
  82  10:21  Overlord x3  
  84  10:30  Overlord x2  
  84  10:56  Lurker  
  86  10:57  Lurker x2  
  86  10:58  Lurker  
  86  11:03  Overseer  
  88  11:20  Spire  
  87  12:28  Metabolic Boost  
  87  12:37  Muscular Augments  
  87  12:44  Hive  
  87  12:48  Mutalisk  
  87  12:49  Mutalisk x4  
  97  13:07  Mutalisk x2  
  101  14:18  Mutalisk x3  
  101  14:23  Lurker  
  101  14:24  Lurker x3  
  110  14:25  Lurker x2  
  113  15:20  Extractor, Hatchery  
  111  15:24  Extractor  
  110  15:29  Corruptor x2  
  110  15:30  Corruptor x3  
  110  15:31  Corruptor  
  95  16:38  Mutalisk  
  95  16:39  Mutalisk x2  
  101  16:45  Greater Spire  
  101  16:48  Corruptor  
  101  16:49  Mutalisk x2  
  101  16:50  Mutalisk  
  109  17:20  Corruptor x2  
  109  17:21  Corruptor  
  115  17:26  Overlord x3  
  112  17:33  Hydralisk  
  112  17:34  Hydralisk x2  
Tags
 
Add a new tag
Caveats
  • Supply blocks, unpowered buildings, or Contaminate may cause inaccurate times.
  • Supply counts are checked every 10 seconds.